 Dungeon Crawl Stone Soup version 0.31-a0-233-g139696dc86 (webtiles) character file.

Game seed: 10443515945130455108

45250 Lorrdernie the Brawler (level 14, -6/119 HPs)
             Began as a Troll Gladiator on July 8, 2023.
             Was an Elder of Trog.
             Mangled by a steam dragon (9 damage)
             ... on level 4 of the Lair of Beasts.
             The game lasted 00:39:52 (11065 turns).

Lorrdernie the Brawler (Troll Gladiator)           Turns: 11065, Time: 00:39:53

Health: -6/119     AC:  9    Str: 25    XL:     14   Next: 0%
Magic:  13/13      EV: 14    Int:  6    God:    Trog [****..]
Gold:   1162       SH:  5    Dex: 13    Spells: 13/13 levels left

rFire   + .          .
                       - Unarmed
rCold   + . .        (no shield)
rNeg    + . .        a - +0 steam dragon scales
rPois   .            x - +2 hat
rElec   .            f - scarf {rC+ rF+}
rCorr   .            (gloves unavailable)
SInv    +            (boots unavailable)
Will    ++++.        I - amulet of reflection
Stlth   +            z - ring of see invisible
HPRegen 2.19/turn    s - ring of positive energy
MPRegen 0.13/turn

%: reflection
@: about to teleport, strong-willed, on berserk cooldown, regenerating, slowed,
very slow
A: large, unfitting armour, claws 3, regeneration 1, shaggy fur 1, tough skin 1,
talons 1, frail 1, strong-willed 1, MP-powered wands
a: Renounce Religion, Berserk, Trog's Hand, Brothers in Arms


You were on level 4 of the Lair of Beasts.
You worshipped Trog.
Trog was greatly pleased with you.
You visited 3 branches of the dungeon, and saw 14 of its levels.
You also visited: Ossuary.

You collected 1162 gold pieces.

Inventory:

Missiles
 b - a curare-tipped dart
 c - 3 throwing nets
 d - 9 large rocks
 e - 37 poisoned darts
 t - 6 boomerangs (quivered)
 J - 7 javelins
Armour
 a - +0 steam dragon scales (worn)
 f - a scarf of resistance (worn)
 u - a +0 cloak
 w - a +0 kite shield of reflection
 x - a +2 hat (worn)
 H - a +0 robe of positive energy
Jewellery
 o - a ring of protection from fire
 s - a ring of positive energy (right claw)
 z - a ring of see invisible (left claw)
 D - an amulet of faith
 G - an amulet of guardian spirit
 I - an amulet of reflection (around neck)
 M - an amulet of the acrobat
Wands
 y - a wand of polymorph (22)
 A - a wand of digging (2)
 E - a wand of iceblast (9)
 N - a wand of paralysis (5)
Scrolls
 g - 4 scrolls of revelation
 h - 2 scrolls of blinking
 j - 7 scrolls of teleportation
 k - 2 scrolls of vulnerability
 l - 3 scrolls of identify
 m - 3 scrolls of fear
 p - a scroll of poison
 q - 2 scrolls of fog
 B - a scroll of enchant armour
Potions
 n - 3 potions of ambrosia
 r - a potion of magic
 v - 3 potions of haste
 C - a potion of curing
 F - a potion of invisibility
 K - a potion of enlightenment
 O - a potion of berserk rage
 P - a potion of cancellation {unknown}
Miscellaneous
 L - a phantom mirror


   Skills:
 + Level 7.4 Fighting
 + Level 10.5 Throwing
 + Level 10.1 Dodging
 * Level 17.1 Unarmed Combat


You had 13 spell levels left.
You didn't know any spells.
Your spell library contained the following spells:

 Spells                   Type           Power      Damage    Failure   Level
 Summon Small Mammal      Summ           0%         N/A       45%         1
 Call Canine Familiar     Summ           0%         N/A       83%         3
 Inner Flame              Hex/Fire       0%         N/A       83%         3
 Summon Guardian Golem    Hex/Summ       0%         N/A       83%         3
 Flame Wave               Conj/Fire      0%         2d4       99%         4
 Sticky Flame             Conj/Fire      0%         2d3       99%         4


Dungeon Overview and Level Annotations

Branches:
Dungeon (9/15)             Temple (1/1) D:6            Lair (4/5) D:9
 Shoals (0/4) Lair:2        Snake (0/4) Lair:2      Ossuary (visited)
  Slime: Lair:4-5       Orc: D:9-12

Altars:
Cheibriados
Dithmenos
Elyvilon
Fedhas
Gozag
Hepliaklqana
Kikubaaqudgha
Makhleb
Nemelex Xobeh
Okawaru
Qazlal
Ru
Sif Muna
Trog
Uskayaw
Vehumet
Wu Jian
Xom
Yredelemnul
Zin
The Shining One


Innate Abilities, Weirdness & Mutations

You are too large for most types of armour.
You have claws for hands.
Your natural rate of healing is unusually fast.
You are covered in fur. (AC +1)
You have tough skin. (AC +1)
You have sharp toenails.
You are frail. (-10% HP)
You are strong-willed. (Will+)
You expend magic power (3 MP) to strengthen your wands.


Message History

* * * LOW HITPOINT WARNING * * *
The steam dragon breathes steam at you. The ball of steam misses you.
A fire dragon comes into view.
You block the steam dragon's attack. The steam dragon closely misses you.
You mangle the steam dragon!!
You kill the steam dragon!
Trog accepts your kill. You block the steam dragon's attack. x2
The steam dragon breathes steam at you. The ball of steam hits you. You resist.
* * * LOW HITPOINT WARNING * * *
You have reached level 14!
As you read the scroll of teleportation, it crumbles to dust.
You feel strangely unstable. The steam dragon bites you.
* * * LOW HITPOINT WARNING * * *
The steam dragon misses you. The steam dragon closely misses you.
The steam dragon claws you.
* * * LOW HITPOINT WARNING * * *
The steam dragon bites you.
* * * LOW HITPOINT WARNING * * *
You block the steam dragon's attack. The steam dragon breathes steam at you.
The ball of steam hits the steam dragon!
The steam dragon resists.
The ball of steam hits you. You resist.
* * * LOW HITPOINT WARNING * * *
The steam dragon bites you but does no damage.
The steam dragon claws you.
* * * LOW HITPOINT WARNING * * *
Unknown command.
The steam dragon bites you.
* * * LOW HITPOINT WARNING * * *
The steam dragon misses you.
You see here a steam dragon corpse.
Unknown command.
The steam dragon attacks as you move away!
The steam dragon misses you. The steam dragon closely misses you.
The steam dragon attacks as you move away!
The steam dragon bites you!
You die...

### ## ####
####.##.#######P##
#..§...##P.P......
########.§^†.#.....<....
##.#...§§§§§.........P##.
......§..§......#..###.#
#...#........###P...#.#
#.##..§#.[##†.#.####......
......§§D@.....#.....####.
8....D.DD............P#.##
...≈.##..§.#..PP..........
≈... ##≈.##..............
≈.≈ ##≈###..#.........P (#
≈## .....P...#..# ≈
..P.........† #
............†
.......#.....


You could see a fire dragon and 3 steam dragons.

Vanquished Creatures
  10 death yaks
  4 two-headed ogres (D:9)
  2 boulder beetles (Lair:1)
  Urug (Lair:3)
  Nergalle (Lair:2)
  An orc knight (D:9)
  An ugly thing (D:9)
  A cyclops (D:9)
  3 elephants (Lair:2)
  Maurice (D:8)
  2 black mambas
  4 cane toads
  2 torpor snails
  4 rime drakes
  6 komodo dragons
  3 trolls (D:9)
  2 polar bears
  4 hornets
  Prince Ribbit (Lair:1)
  20 blink frogs
  A shadow (D:9)
  2 wraiths
  4 wyverns
  49 yaks
  16 steam dragons
  2 basilisks
  A warg (D:9)
  An acid dragon (D:9)
  3 nagas (Lair:2)
  13 water moccasins
  A black bear (Lair:1)
  2 ice beasts
  7 orc warriors
  2 sky beasts
  10 wolves
  8 centaurs
  2 phantoms (D:4)
  13 bullfrogs
  4 kobold brigands
  2 gnoll sergeants
  2 scorpions
  9 killer bees
  9 wights
  2 electric eels (D:9)
  5 howler monkeys
  5 orc priests
  Crazy Yiuf (D:6)
  4 hounds
  3 jellies
  Ijyb (D:4)
  3 iguanas
  9 orc wizards
  A centaur simulacrum (D:9)
  A mummy (Ossuary)
  8 adders
  9 gnolls
  A shadow imp (D:7)
  2 white imps (D:6)
  An ufetubus (D:4)
  4 worms
  2 dart slugs
  29 orcs
  2 bats
  5 endoplasms
  4 giant cockroaches
  8 goblins
  9 hobgoblins
  A quokka (D:3)
  5 ball pythons
  2 frilled lizards
  6 gnoll skeletons (Ossuary)
  17 kobolds
  6 kobold skeletons (Ossuary)
  13 orc skeletons (Ossuary)
  3 rats
408 creatures vanquished.

Vanquished Creatures (collateral kills)
  A rime drake (Lair:4)
1 creature vanquished.

Vanquished Creatures (others)
  A steam dragon (Lair:4)
  An orc (D:5)
2 creatures vanquished.

Grand Total: 411 creatures vanquished

Notes
Turn   | Place    | Note
-------+----------+-------------------------------------------
     0 | D:1      | Lorrdernie the Troll Gladiator began the quest for the Orb.
     0 | D:1      | Reached XP level 1. HP: 19/19 MP: 0/0
   115 | D:1      | Reached XP level 2. HP: 21/27 MP: 1/1
   223 | D:1      | Reached skill level 4 in Unarmed Combat
   536 | D:2      | Reached XP level 3. HP: 33/33 MP: 2/2
   600 | D:2      | Reached skill level 5 in Unarmed Combat
   600 | D:2      | Reached XP level 4. HP: 41/41 MP: 3/3
   801 | D:2      | Found a shimmering altar of Xom.
  1105 | D:2      | Found a faded altar of an unknown god.
  1276 | D:3      | Reached XP level 5. HP: 41/48 MP: 4/4
  1365 | D:3      | Reached skill level 6 in Unarmed Combat
  1697 | D:4      | Found an ornate altar of the Wu Jian Council.
  1724 | D:4      | Noticed a phantom
  1729 | D:4      | Killed a phantom
  1730 | D:4      | Reached XP level 6. HP: 55/55 MP: 5/5
  2376 | D:5      | Entered Level 5 of the Dungeon
  2376 | D:5      | Noticed Ijyb
  2392 | D:4      | Reached skill level 7 in Unarmed Combat
  2432 | D:4      | Killed Ijyb
  2443 | D:4      | Reached XP level 7. HP: 62/62 MP: 6/6
  2523 | D:5      | Found a sand-covered staircase.
  2532 | Ossuary  | Entered an ossuary
  2532 | Ossuary  | Noticed a wraith
  2532 | Ossuary  | Noticed a wraith
  2532 | Ossuary  | Noticed a wraith
  2612 | Ossuary  | Noticed a wraith
  2621 | Ossuary  | Killed a wraith
  2771 | D:5      | Reached skill level 8 in Unarmed Combat
  2812 | D:5      | Found a radiant altar of Vehumet.
  2866 | D:5      | Noticed a steam dragon
  2906 | D:5      | Killed a steam dragon
  2907 | D:5      | Reached XP level 8. HP: 51/70 MP: 7/7
  3403 | D:6      | Found a staircase to the Ecumenical Temple.
  3411 | Temple   | Entered the Ecumenical Temple
  3510 | Temple   | Became a worshipper of Trog the Wrathful
  3672 | D:6      | Reached skill level 9 in Unarmed Combat
  3805 | D:6      | Found a shimmering altar of Xom.
  4025 | D:6      | Found a runed translucent door.
  4026 | D:6      | Noticed Crazy Yiuf
  4126 | D:6      | Reached skill level 5 in Dodging
  4207 | D:6      | Killed Crazy Yiuf
  4276 | D:7      | Reached XP level 9. HP: 70/76 MP: 5/8
  4287 | D:7      | Reached skill level 5 in Throwing
  4287 | D:7      | Reached skill level 10 in Unarmed Combat
  4417 | D:7      | Gained mutation: You are frail. (-10% HP) [potion of
                  | mutation]
  4418 | D:7      | HP: 2/68 [hornet (9)]
  4428 | D:7      | Reached * piety under Trog
  4634 | D:7      | Lost mutation: You are frail. (-10% HP) [potion of
                  | mutation]
  4634 | D:7      | Gained mutation: You expend magic power (3 MP) to
                  | strengthen your wands. [potion of mutation]
  4634 | D:7      | Gained mutation: You have sharp toenails. [potion of
                  | mutation]
  4634 | D:7      | Gained mutation: You are frail. (-10% HP) [potion of
                  | mutation]
  4634 | D:7      | Gained mutation: You are strong-willed. (Will+) [potion of
                  | mutation]
  4779 | D:7      | Reached skill level 11 in Unarmed Combat
  5222 | D:8      | Reached skill level 12 in Unarmed Combat
  5222 | D:8      | Reached XP level 10. HP: 82/82 MP: 9/9
  5239 | D:8      | Found an ancient bone altar of Kikubaaqudgha.
  5280 | D:8      | Found an iron altar of Okawaru.
  5538 | D:8      | Identified the +0 leather armour of Jaxaac {Slay+2 SInv}
  5671 | D:8      | Noticed Maurice
  5695 | D:8      | Killed Maurice
  5751 | D:9      | Reached XP level 11. HP: 90/90 MP: 7/10
  5757 | D:9      | Reached skill level 13 in Unarmed Combat
  5851 | D:9      | Reached ** piety under Trog
  5863 | D:9      | Noticed a two-headed ogre
  5865 | D:9      | Noticed a two-headed ogre
  5877 | D:9      | Killed a two-headed ogre
  5882 | D:9      | Killed a two-headed ogre
  6123 | D:9      | Noticed a two-headed ogre
  6133 | D:9      | Killed a two-headed ogre
  6134 | D:9      | Reached skill level 14 in Unarmed Combat
  6247 | D:9      | Noticed a two-headed ogre
  6263 | D:9      | Killed a two-headed ogre
  6381 | D:9      | Noticed a red ugly thing
  6389 | D:9      | Reached *** piety under Trog
  6392 | D:9      | Noticed an orc knight
  6446 | D:9      | Killed an orc knight
  6555 | D:9      | Found a staircase to the Lair.
  6560 | D:9      | Killed a red ugly thing
  6561 | D:9      | Reached XP level 12. HP: 86/98 MP: 11/11
  6905 | D:9      | Found a glowing golden altar of the Shining One.
  6905 | D:9      | Found a blossoming altar of Fedhas.
  7006 | Lair:1   | Entered Level 1 of the Lair of Beasts
  7100 | Lair:1   | Identified the +7 dagger of Terra Cotta {freeze, Stlth+}
  7255 | Lair:1   | Reached skill level 5 in Fighting
  7257 | Lair:1   | Noticed Prince Ribbit
  7265 | Lair:1   | Killed Prince Ribbit
  7344 | Lair:1   | Reached skill level 15 in Unarmed Combat
  7607 | Lair:1   | Found a transporter.
  7607 | Lair:1   | Found a transporter.
  7607 | Lair:1   | Noticed a boulder beetle
  7607 | Lair:1   | Noticed a boulder beetle
  7687 | Lair:1   | Killed a boulder beetle
  7701 | Lair:1   | Killed a boulder beetle
  8144 | Lair:1   | Reached **** piety under Trog
  8918 | Lair:2   | Noticed Nergalle
  8925 | Lair:2   | Killed Nergalle
  8926 | Lair:2   | Reached XP level 13. HP: 108/108 MP: 12/12
  8940 | Lair:2   | Found a staircase to the Shoals.
  9264 | Lair:2   | Found a staircase to the Snake Pit.
  9269 | Lair:2   | Reached skill level 16 in Unarmed Combat
 10074 | Lair:3   | Noticed Urug
 10084 | Lair:3   | Killed Urug
 10132 | Lair:3   | Reached skill level 10 in Throwing
 10133 | Lair:3   | Reached ***** piety under Trog
 10957 | Lair:4   | Reached skill level 10 in Dodging
 10957 | Lair:4   | Reached skill level 17 in Unarmed Combat
 11061 | Lair:4   | Noticed a fire dragon
 11063 | Lair:4   | Reached XP level 14. HP: 15/119 MP: 13/13
 11063 | Lair:4   | HP: 4/119 [steam dragon (3)]
 11065 | Lair:4   | Mangled by a steam dragon

Illustrated notes

Levels and vault maps discovered:
D:1:      psy_arrival_whirlpool, layout_basic, kennysheep_small_spiral,
          minmay_heptomino_l4
D:2:      layout_basic, shapermc_ecumenical_altar_petra, basic_altar
D:3:      layout_basic, chequers_decorated_corner, serial_bayou_pond_c,
          st_stairs_11
D:4:      layout_loops_ring, mainiacjoe_overflow_chevrons,
          dreamdust_mushroom_princess, st_stairs_12, minmay_misc_feat_alley,
          serial_bayou_crossing
D:5:      layout_rooms, lemuel_doored_altar, nicolae_ossuary_entry_monument,
          uniq_ijyb
D:6:      layout_layer_cave, xom_teletrap_fun, minmay_temple_entry_purple_smoke,
          uniq_crazy_yiuf_cottage
D:7:      layout_rooms, chequers_serial_rivers_micro_b
D:8:      layout_rooms, mainiacjoe_overflow_six_doors_small,
          okawaru_metal_pillars_1_2, uniq_maurice
D:9:      minmay_the_grid_3x3 [minmay_the_grid_odd_star,
          minmay_the_grid_dragon_b, minmay_the_grid_rooms,
          minmay_the_grid_medium_cups, minmay_the_grid_pillar_ring,
          minmay_the_grid_box_x, minmay_the_grid_armoury,
          minmay_the_grid_gridbox, minmay_the_grid_prize_diamond_cup],
          layout_cave_pools, nicolae_overflow_two_pavilions
Temple:   jpeg_temple_clearing
Lair:1:   gammafunk_boulding_lane, layout_loops_ring, serial_bayou_pond_c,
          uniq_prince_ribbit2
Lair:2:   layout_cave_shapes, shoals_dummy_entry, nicolae_snake_entry_squirm,
          lemuel_fruit_tree, lemuel_fruit_fields, uniq_nergalle
Lair:3:   layout_big_grid, lemuel_fruit_fields, grunt_megastairs_2, uniq_urug
Lair:4:   layout_loops_ring, bobbens_dragon_lair_wall

Skill      XL: |  1  2  3  4  5  6  7  8  9 10 11 12 13 |
---------------+----------------------------------------+-----
Unarmed Combat | 4 5 6 7 8 9 12 14 15 17 | 17.1
Dodging        | 3 4 5 7 8 9 10 | 10.1
Throwing       | 2 3 4 7 8 9 10 | 10.5
Fighting       | 4 6 7 |  7.4

Action                     |  1- 3 |  4- 6 |  7- 9 | 10-12 | 13-15 || total
---------------------------+-------+-------+-------+-------+-------++-------
  Melee: Unarmed           |    52 |   202 |   273 |   448 |   264 ||  1239
         Punch             |     1 |     9 |    13 |    33 |    29 ||    85
         Kick              |       |       |     2 |   148 |    84 ||   234
  Throw: Dart              |       |       |       |    54 |    12 ||    66
         Boomerang         |       |       |       |    31 |    31 ||    62
 Invoke: Berserk           |       |       |     2 |     8 |     8 ||    18
         Trog's Hand       |       |       |       |     1 |     2 ||     3
         Brothers in Arms  |       |       |       |       |     3 ||     3
    Use: Scroll            |       |       |     5 |     7 |     3 ||    15
         Potion            |       |       |    12 |       |     2 ||    14
   Stab: Sleeping          |     1 |       |       |     1 |       ||     2
 Armour: Robe              |    18 |    49 |    51 |       |       ||   118
         Steam dragon scal |       |       |    25 |    78 |    86 ||   189
         Skin              |       |       |    11 |       |       ||    11
  Dodge: Dodged            |    21 |    76 |   126 |   224 |   214 ||   661
  Block: Other             |       |       |       |    19 |    65 ||    84

Table legend: (Time is in decaauts)
 A = Elapsed time spent in this place.
 B = Non-inter-level travel time spent in this place.
 C = Inter-level travel time spent in this place.
 D = Time resting spent in this place.
 E = Time spent auto-exploring this place.
 F = Levels seen in this place.
 G = Mean time per level.
                   A        B        C        D        E       F      G
               +--------+--------+--------+--------+--------+-----+--------+
         Total |  10935 |  10201 |    734 |   1381 |   5980 |  15 |  729.0 |
       Dungeon |   6603 |   5972 |    631 |    532 |   3804 |   9 |  733.7 |
        Temple |    114 |    100 |     14 |      0 |     82 |   1 |  114.0 |
          Lair |   3993 |   3905 |     88 |    844 |   2032 |   4 |  998.2 |
       Ossuary |    223 |    223 |      0 |      4 |     62 |   1 |  223.0 |
               +--------+--------+--------+--------+--------+-----+--------+

Top non-repeatable levels by time:
  Lair:1: 1298 daAuts
     D:9: 1249 daAuts
  Lair:3: 1248 daAuts
  Lair:2: 1092 daAuts
     D:6: 880 daAuts
     D:2: 857 daAuts
     D:4: 816 daAuts
     D:7: 660 daAuts
     D:5: 619 daAuts
     D:8: 526 daAuts
     D:3: 514 daAuts
     D:1: 479 daAuts
  Lair:4: 354 daAuts
 Ossuary: 223 daAuts
  Temple: 114 daAuts
